 Dungeon Crawl Stone Soup version 0.30-a0-739-gea05faddec (webtiles) character file.

Game seed: 7735215507281741137

1103 bande the Chopper (level 8, -1/49 HPs)
             Began as a Gargoyle Fighter on Feb 4, 2023.
             Slain by a gnoll
             ... wielding a +0 halberd
              (9 damage)
             ... on level 5 of the Dungeon.
             The game lasted 00:07:37 (4643 turns).

bande the Chopper (Gargoyle Fighter)                Turns: 4643, Time: 00:07:38

Health: -1/49      AC: 21    Str: 19    XL:     8   Next: 32%
Magic:  0/8        EV:  7    Int: 10    God:
Gold:   279        SH:  5    Dex: 11    Spells: 7/7 levels left

rFire   + . .      SeeInvis .    a - +1 war axe (drain)
rCold   . . .      Faith    .    c - +0 buckler
rNeg    + . .      Spirit   +    v - +0 chain mail
rPois   ∞          Reflect  .    p - +1 helmet
rElec   +          Harm     .    (no cloak)
rCorr   .          Rampage  .    (no gloves)
Will    .....                    t - +2 pair of boots Stlth
                                 s - amulet of guardian spirit
HPRegen 0.28/turn                y - ring of protection from fire
MPRegen 0.11/turn                (no ring)

@: no status effects
A: sickness immunity, AC +5, negative energy resistance 1, electricity
resistance, torment resistance 1, petrification resistance, talons 1
a: no special abilities


You were on level 5 of the Dungeon.
You visited 1 branch of the dungeon, and saw 5 of its levels.
You also visited: Sewer.

You collected 279 gold pieces.

Inventory:

Hand Weapons
 a - a +1 war axe of draining (weapon)
 g - a +0 flail of venom
Missiles
 o - a throwing net (quivered)
Armour
 c - a +0 buckler (worn)
 p - a +1 helmet (worn)
 t - a +2 pair of boots (worn)
 v - a +0 chain mail (worn)
Jewellery
 b - a ring of resist corrosion
 s - an amulet of guardian spirit (around neck)
 y - a ring of protection from fire (left hand)
Wands
 j - a wand of flame (21)
Scrolls
 f - a scroll of brand weapon
 k - 2 scrolls of magic mapping
 z - a scroll of acquirement {unknown}
 A - a scroll of teleportation
 B - a scroll of identify
Potions
 d - a potion of might
 e - a potion of magic {unknown}
 h - 3 potions of haste
 i - a potion of mutation
 l - 2 potions of cancellation {unknown}
 m - a potion of berserk rage {unknown}
 n - 3 potions of curing
 q - 4 potions of lignification {unknown}
 r - 2 potions of heal wounds {unknown}
 u - 7 potions of flight
 w - a potion of degeneration {unknown}
 x - a potion of brilliance {unknown}


   Skills:
 + Level 5.3 Fighting
 + Level 6.3 Axes
 + Level 5.4 Armour
 - Level 0.1 Dodging
 + Level 4.8 Shields
 * Level 1.5 Evocations


You had 7 spell levels left.
You didn't know any spells.
Your spell library was empty.

Dungeon Overview and Level Annotations

Branches:
Dungeon (5/15)              Sewer (visited)
 Temple: D:4-7

Altars:
Hepliaklqana
Kikubaaqudgha
Nemelex Xobeh
Vehumet
Wu Jian

Shops:
D:4 [


Innate Abilities, Weirdness & Mutations

You are immune to sickness and miasma.
Your stone body is resilient. (AC +5)
You are immune to poison.
You resist negative energy. (rN+)
You are resistant to electric shocks. (rElec)
You are resistant to unholy torment.
You are immune to petrification.
You have sharp toenails.


Message History

You are too injured to fight recklessly!
You are too injured to fight recklessly!
You are too injured to fight recklessly!
You are too injured to fight recklessly!
You are too injured to fight recklessly!
You are too injured to fight recklessly!
You are too injured to fight recklessly!
You are too injured to fight recklessly!
Unknown command.
You hit the gnoll.
The gnoll is severely wounded.
You hit the gnoll. You drain the gnoll. You block the gnoll's attack.
The gnoll hits you but does no damage. The gnoll barely misses you.
The gnoll hits you but does no damage. The gnoll barely misses you. x2
The gnoll hits you but does no damage.
You slash the gnoll!
You kill the gnoll!
You barely miss the gnoll.
The gnoll hits you from afar with a +0 halberd!
The gnoll barely misses you. The gnoll hits you but does no damage.
Unknown command.
The gnoll hits you from afar with a +0 halberd.
The gnoll barely misses you. x2; The gnoll hits you with a +0 flail.
* * * LOW HITPOINT WARNING * * *
Things that are here:
a +0 whip; a +0 whip; a +0 leather armour You hit the gnoll.
The gnoll is moderately wounded.
The gnoll hits you from afar with a +0 halberd!
* * * LOW HITPOINT WARNING * * *
The gnoll barely misses you.
The gnoll hits you but does no damage. x2
Unknown command.
You closely miss the gnoll.
The gnoll is moderately wounded.
The gnoll barely misses you. The gnoll hits you but does no damage.
You block the gnoll's attack. The gnoll hits you but does no damage.
You slash the gnoll!
You kill the gnoll!
The gnoll hits you from afar with a +0 halberd!
You die...

#.# ### #.# #.. ###.#
#.# #.... #.#
#(#####.#.# #.#
#.........# #####.#
##########...#
..#..g#.#
..............
⌠...gg)@#
.########.....
..#..g#.##.### #...#.
######......## #...#.
#............## #.....
#...........#..###.....
#..........###.........
##....#...## ##.#......
##......## ##.......
###.##..## ##..#.....


You could see 4 gnolls.

Vanquished Creatures
  An ogre (D:5)
  A phantom (D:4)
  4 kobold brigands (Sewer)
  4 scorpions
  A gnoll bouda (D:5)
  A jelly (D:4)
  Robin (D:2)
  11 gnolls
  12 adders
  2 river rats (Sewer)
  An ufetubus (D:5)
  3 worms
  3 dart slugs
  2 orcs (D:5)
  12 ball pythons
  8 endoplasms
  2 giant cockroaches (D:4)
  9 hobgoblins
  4 jackals
  3 quokkas
  3 bats
  6 frilled lizards
  16 goblins
  11 kobolds
  9 rats
130 creatures vanquished.

Notes
Turn   | Place    | Note
-------+----------+-------------------------------------------
     0 | D:1      | bande the Gargoyle Fighter began the quest for the Orb.
     0 | D:1      | Reached XP level 1. HP: 14/14 MP: 1/1
   121 | D:1      | Reached XP level 2. HP: 19/19 MP: 2/2
   133 | D:1      | Reached skill level 2 in Axes
   414 | D:1      | You fall into a shaft and drop 1 floor!
   814 | D:1      | Reached XP level 3. HP: 23/23 MP: 3/3
  1475 | D:2      | Noticed Robin
  1485 | D:2      | Reached XP level 4. HP: 15/29 MP: 4/4
  1492 | D:2      | Killed Robin
  1856 | D:3      | Reached skill level 3 in Axes
  1915 | D:3      | Found a glowing drain.
  1923 | D:3      | Reached XP level 5. HP: 30/33 MP: 5/5
  1933 | Sewer    | Entered a sewer
  1985 | Sewer    | Noticed a kobold brigand
  1998 | Sewer    | Killed a kobold brigand
  2114 | Sewer    | Reached skill level 4 in Axes
  2114 | Sewer    | Reached XP level 6. HP: 38/38 MP: 6/6
  2637 | Sewer    | Reached XP level 7. HP: 44/44 MP: 7/7
  2680 | Sewer    | Reached skill level 5 in Axes
  2741 | D:3      | Found a radiant altar of Vehumet.
  2845 | D:3      | Found a faded altar of an unknown god.
  3109 | D:3      | Found an ancient bone altar of Kikubaaqudgha.
  3208 | D:3      | Found a hazy altar of Hepliaklqana.
  3296 | D:3      | Found an ornate altar of the Wu Jian Council.
  3309 | D:3      | Found a sparkling altar of Nemelex Xobeh.
  3441 | D:4      | Found Qeerhoa's Antique Armour Boutique.
  3565 | D:4      | Reached skill level 5 in Armour
  3713 | D:4      | Reached skill level 5 in Fighting
  3924 | D:4      | Reached XP level 8. HP: 44/49 MP: 8/8
  4239 | D:5      | Entered Level 5 of the Dungeon
  4276 | D:5      | Reached skill level 6 in Axes
  4276 | D:5      | Reached skill level 1 in Evocations
  4442 | D:5      | Gained mutation: You have sharp toenails. [potion of
                  | mutation]
  4643 | D:5      | Slain by a gnoll

Illustrated notes

Levels and vault maps discovered:
D:1:      roderic_octagonal_star, layout_basic, minmay_misc_feat_x,
          serial_park_tiny_pond
D:2:      layout_basic, dk_vineyard_1, uniq_robin
D:3:      layout_basic, nicolae_hepliaklqana_hippocampus,
          nzn_wu_jian_council_hall, nicolae_vehumet_altar_sigil,
          overflow_temple_1_default, mainiacjoe_overflow_brackets,
          dreamdust_ecumenical_altar_statues, gup_sewer_entry_glass
D:4:      layout_loops_ring, serial_shops, nicolae_stop_n_shop_2,
          dreamdust_princess_bridge
D:5:      layout_loops_ring, minmay_temple_entry_nine_rooms, minmay_pentangle,
          uniq_menkaure

Skill      XL: |  1  2  3  4  5  6  7  8 |
---------------+-------------------------+-----
Axes           | 2 3 4 5 6 |  6.3
Armour         | 4 5 |  5.4
Fighting       | 4 5 |  5.3
Shields        | 4 |  4.8
Evocations     | 1 |  1.5
Dodging        | |  0.1

Action                     |  1- 3 |  4- 6 |  7- 9 || total
---------------------------+-------+-------+-------++-------
  Melee: War axe           |   131 |   153 |   161 ||   445
    Use: Scroll            |       |     7 |     8 ||    15
         Potion            |       |       |     1 ||     1
 Armour: Scale mail        |    77 |    82 |    41 ||   200
         Chain mail        |       |       |    47 ||    47
  Dodge: Dodged            |    74 |    63 |    70 ||   207
  Block: Buckler           |    35 |    40 |    41 ||   116

Table legend: (Time is in decaauts)
 A = Elapsed time spent in this place.
 B = Non-inter-level travel time spent in this place.
 C = Inter-level travel time spent in this place.
 D = Time resting spent in this place.
 E = Time spent auto-exploring this place.
 F = Levels seen in this place.
 G = Mean time per level.
                   A        B        C        D        E       F      G
               +--------+--------+--------+--------+--------+-----+--------+
         Total |   4946 |   4798 |    148 |     97 |   3534 |   6 |  824.3 |
       Dungeon |   3968 |   3820 |    148 |     97 |   2856 |   5 |  793.6 |
         Sewer |    978 |    978 |      0 |      0 |    678 |   1 |  978.0 |
               +--------+--------+--------+--------+--------+-----+--------+

Top non-repeatable levels by time:
     D:1: 987 daAuts
   Sewer: 978 daAuts
     D:2: 893 daAuts
     D:3: 859 daAuts
     D:4: 815 daAuts
     D:5: 412 daAuts
